 Dungeon Crawl Stone Soup version 0.32-a0-779-g362cfcae2a (webtiles) character file.

Game seed: 4868719707945285849

131 javelincjr the Grasshopper (level 4, -3/35 HPs)
             Began as a Demonspawn Warper on Mar 19, 2024.
             Slain by a gnoll
             ... wielding a +2 flail of protection
              (9 damage)
             ... on level 3 of the Dungeon.
             The game lasted 00:06:05 (2109 turns).

javelincjr the Grasshopper (Demonspawn Warper)      Turns: 2109, Time: 00:06:05

Health: -3/35      AC:  4    Str: 14    XL:     4   Next: 91%
Magic:  7/7        EV:  8    Int: 13    God:
Gold:   64         SH:  9    Dex: 12    Spells: 8/8 levels left

rFire   . . .        s - +0 long sword
rCold   . . .        p - +2 kite shield
rNeg    . . .        b - +0 leather armour
rPois   .            o - +0 helmet
rElec   .            (no cloak)
rCorr   .            (no gloves)
SInv    .            (no boots)
Will    .....        (no amulet)
Stlth   +            (no ring)
HPRegen 0.25/turn    (no ring)
MPRegen 0.20/turn

%: no passive effects
@: studying Long Blades
A: powered by death 2, magic regeneration
a: no special abilities


You were on level 3 of the Dungeon.
You visited 1 branch of the dungeon, and saw 3 of its levels.

You collected 64 gold pieces.

Inventory:

Hand Weapons
 a - a +0 spear
 l - a +1 dagger of speed
 s - a +0 long sword (weapon)
Missiles
 d - 7 darts of dispersal (quivered)
Armour
 b - a +0 leather armour (worn)
 o - a +0 helmet (worn)
 p - a +2 kite shield (worn)
Jewellery
 q - a +4 ring of slaying
Wands
 n - a wand of polymorph (9)
Scrolls
 c - a scroll of blinking
 e - 3 scrolls of identify {unknown}
 g - a scroll of vulnerability {unknown}
 i - 2 scrolls of amnesia {unknown}
 k - a scroll of immolation {unknown}
 m - 2 scrolls of revelation {unknown}
 r - a scroll of teleportation {unknown}
 t - a scroll of noise {unknown}
Potions
 f - a potion of heal wounds {unknown}
 h - a potion of ambrosia {unknown}
 j - 3 potions of curing


   Skills:
 * Level 3.0 Fighting
 * Level 2.5 Long Blades
 - Level 1.9 Polearms
 - Level 1.0 Throwing
 + Level 1.5 Armour
 + Level 2.2 Dodging
 + Level 0.3 Shields
 + Level 2.5 Spellcasting
 + Level 3.0 Translocations


You had 8 spell levels left.
You didn't know any spells.
Your spell library contained the following spells:

 Spells                   Type           Power      Damage    Failure   Level
 Blink                    Tloc           18%        N/A       45%         2
 Lesser Beckoning         Tloc           18%        N/A       45%         2
 Teleport Other           Tloc           9%         N/A       69%         3
 Manifold Assault         Tloc           9%         N/A       97%         4
 Vhi's Electric Charge    Tloc/Air       10%        N/A       99%         4


Dungeon Overview and Level Annotations

Branches:
Dungeon (3/15)

Altars:


Innate Abilities, Weirdness & Mutations

You regenerate health from kills.
You regenerate magic rapidly.


Message History

* * * LOW HITPOINT WARNING * * *
You hit the gnoll.
The gnoll is severely wounded.
The gnoll hits you with a +0 halberd.
* * * LOW HITPOINT WARNING * * *
It was a potion of curing.
You feel better. You block the gnoll's attack.
You hit the gnoll.
You kill the gnoll!
You block the gnoll's attack.
You hit the gnoll.
The gnoll is moderately wounded.
You block the gnoll's attack.
You hit the gnoll.
The gnoll is moderately wounded.
You block the gnoll's attack.
The gnoll hits you with a +2 flail of protection.
You hit the gnoll.
The gnoll is heavily wounded.
The gnoll barely misses you.
You hit the gnoll but do no damage.
The gnoll is heavily wounded.
The gnoll hits you with a +2 flail of protection.
You block the gnoll's attack.
You barely miss the gnoll.
The gnoll is heavily wounded.
The gnoll barely misses you.
You hit the gnoll but do no damage.
The gnoll is heavily wounded.
The gnoll hits you with a +2 flail of protection.
* * * LOW HITPOINT WARNING * * *
The gnoll hits you but does no damage.
You hit the gnoll but do no damage.
The gnoll is heavily wounded.
The gnoll closely misses you.
You hit the gnoll.
The gnoll is almost dead.
The gnoll hits you with a +2 flail of protection.
* * * LOW HITPOINT WARNING * * *
The gnoll hits you with a +2 flail of protection!
You die...

#.# ##.# ##.....##.##.## #.#
##..# ##.......#.##.#.
#.#########...####..........##...
....g............'...............
#.#########...####...............
#.# ##..# ##.......###..#. #.#
##.# ##.....## #..## #.#
###.#######...#####...# ..#
#....g@.##........#.#.# #.#
#.#.###.##.#.####.#.#.# #.#
#.#...#.##.#.####.#.... #.#
#.###.#<##)#.#.##.###.# #.# #.#
#.#.##..........[.# ..#
#.###.#.##.....##.##### ###
#.......#.........#
####.#.##....###### #........##


You could see a gnoll.

Vanquished Creatures
  Robin (D:2)
  2 adders
  3 gnolls
  2 dart slugs
  7 bats
  3 endoplasms
  18 goblins
  4 hobgoblins
  4 jackals
  9 kobolds
  2 quokkas (D:2)
  2 ball pythons
  A frilled lizard (D:1)
  4 rats
62 creatures vanquished.

Notes
Turn   | Place    | Note
-------+----------+-------------------------------------------
     0 | D:1      | javelincjr the Demonspawn Warper began the quest for the
                  | Orb.
     0 | D:1      | Reached XP level 1. HP: 16/16 MP: 3/3
    45 | D:1      | Reached skill level 1 in Throwing
    45 | D:1      | Reached skill level 1 in Armour
   109 | D:1      | Gained mutation: You regenerate a little health from kills.
                  | [demonic ancestry]
   109 | D:1      | Reached XP level 2. HP: 22/22 MP: 5/5
   293 | D:1      | Reached skill level 1 in Long Blades
   541 | D:1      | Gained mutation: You regenerate magic rapidly. [demonic
                  | ancestry]
   541 | D:1      | Reached XP level 3. HP: 28/28 MP: 6/6
   669 | D:2      | Noticed Robin
   702 | D:2      | Killed Robin
   800 | D:2      | Gained mutation: You regenerate health from kills. [demonic
                  | ancestry]
   800 | D:2      | Reached XP level 4. HP: 34/34 MP: 7/7
  2109 | D:3      | Slain by a gnoll

Illustrated notes

Levels and vault maps discovered:
D:1:      matt_arrival_refuge, layout_rooms, nicolae_figureground_pulse
D:2:      layout_basic, grunt_ministairs_10, chequers_big_river, uniq_robin
D:3:      layout_loops_corners, mainiacjoe_overflow_brackets,
          corexii_item_surrounded_by_moat, kennysheep_generic_room_7

Skill      XL: |  1  2  3  4 |
---------------+-------------+-----
Throwing       | 1 |  1.0
Armour         | 1 |  1.5
Long Blades    | 1 2 |  2.5
Dodging        | 2 |  2.2
Translocations | 3 |  3.0
Fighting       | 3 |  3.0
Polearms       | |  1.9
Shields        | |  0.3
Spellcasting   | |  2.5

Action                     |  1- 3 |  4- 6 || total
---------------------------+-------+-------++-------
  Melee: Spear             |    56 |       ||    56
         Dagger            |    91 |    45 ||   136
         Long sword        |       |    78 ||    78
    Use: Scroll            |       |     1 ||     1
         Potion            |       |     1 ||     1
 Armour: Leather armour    |    82 |    85 ||   167
  Dodge: Dodged            |    74 |    48 ||   122
  Block: Kite shield       |       |    59 ||    59

Table legend: (Time is in decaauts)
 A = Elapsed time spent in this place.
 B = Non-inter-level travel time spent in this place.
 C = Inter-level travel time spent in this place.
 D = Time resting spent in this place.
 E = Time spent auto-exploring this place.
 F = Levels seen in this place.
 G = Mean time per level.
                   A        B        C        D        E       F      G
               +--------+--------+--------+--------+--------+-----+--------+
         Total |   2112 |   2040 |     72 |     97 |   1441 |   3 |  704.0 |
       Dungeon |   2112 |   2040 |     72 |     97 |   1441 |   3 |  704.0 |
               +--------+--------+--------+--------+--------+-----+--------+

Top non-repeatable levels by time:
     D:2: 1200 daAuts
     D:1: 588 daAuts
     D:3: 322 daAuts
